 Dungeon Crawl Stone Soup version 0.18.1-48-g4cf74bf (webtiles) character file.

182 Lennu the Chiller (level 5, -2/36 HPs)
             Began as a Merfolk Ice Elementalist on July 7, 2016.
             Slain by an orc wizard
             ... wielding a +0 dagger
              (3 damage)
             ... on level 4 of the Dungeon.
             The game lasted 00:10:55 (3942 turns).

Lennu the Chiller (Merfolk Ice Elementalist)        Turns: 3942, Time: 00:10:56

Health: -2/36      AC:  8    Str:  8    XL:     5   Next: 62%
Magic:  6/9        EV: 13    Int: 14    God:
Gold:   126        SH:  0    Dex: 16    Spells: 2 memorised, 5 levels left

rFire  . . .     SeeInvis .     j - +0 trident
rCold  . . .     Gourm    .     l - +0 leather armour
rNeg   . . .     Faith    .     (no shield)
rPois  .         Spirit   .     (no helmet)
rElec  .         Dismiss  .     (no cloak)
rCorr  .         Reflect  .     (no gloves)
SustAt .         Harm     .     (no boots)
MR     .....                    (no amulet)
Stlth  ++........               (no ring)
                                (no ring)

@: icy armour, slow, not resistant to hostile enchantments, unstealthy
A: change form in water, swift swim
a: no special abilities


You were on level 4 of the Dungeon.
You were not hungry.

You visited 1 branch of the dungeon, and saw 4 of its levels.

You collected 126 gold pieces.

Inventory:

Hand Weapons
 i - a +4 dagger of venom
 j - a +0 trident (weapon)
 t - a +2 hunting sling of freezing
Armour
 a - a +0 robe
 l - a +0 leather armour (worn)
 v - a +0 shield
Wands
 n - a wand of acid (6/15)
 r - a wand of lightning (7/15)
Scrolls
 d - 3 scrolls of enchant weapon {unknown}
 e - 3 scrolls of teleportation {unknown}
 f - 3 scrolls of identify {unknown}
 g - 3 scrolls of remove curse {unknown}
 o - 2 scrolls of blinking {unknown}
Potions
 h - 3 potions of haste {unknown}
 k - a potion of heal wounds {unknown}
 m - 2 potions of curing {unknown}
 p - a potion of flight {unknown}
 q - a potion of lignification {unknown}
 u - a potion of cancellation {unknown}
 x - a potion of cure mutation {unknown}
Books
 b - a book of Frost

   Spells                             Type                      Level
   a - Freeze                         Ice                          1
   b - Throw Frost                    Conjuration/Ice              2
   c - Ozocubu's Armour               Charms/Ice                   3
   d - Throw Icicle                   Conjuration/Ice              4
   e - Summon Ice Beast               Ice/Summoning                4
Comestibles
 c - 2 bread rations
 s - a beef jerky
 w - a slice of pizza


   Skills:
 * Level 0.7 Fighting
 - Level 0.8 Short Blades
 * Level 0.8 Polearms
 * Level 0.9 Armour
 * Level 3.5 Dodging
 + Level 2.8 Stealth
 * Level 0.6 Shields
 + Level 2.9 Spellcasting
   Level 0.7 Conjurations
 * Level 4.7 Ice Magic


You had 5 spell levels left.
You knew the following spells:

 Your Spells              Type           Power        Failure   Level  Hunger
a - Freeze                Ice            ###.         4%          1    #......
b - Ozocubu's Armour      Chrm/Ice       #.......     34%         3    ###....


Dungeon Overview and Level Annotations

Branches:
Dungeon (4/15)
 Temple: D:4-7

Altars:
Nemelex Xobeh
Pakellas
Yredelemnul


Message History

Something hits you but does no damage. Something barely misses you.
Evoke which item? (* to show all) (? for menu, Esc to quit)
Okay, then.
Attack whom?
Press: ? - help, Dir - move target cursor You closely miss something.
Something hits you but does no damage. x2
You closely miss something.
You hear some strange, mumbled words.
A puff of frost appears from out of thin air!
The puff of frost hits you!
* * * LOW HITPOINT WARNING * * *
Something hits you but does no damage.
Casting: Freeze
Confirm with . or Enter, or press ? or * to list all spells.
You can't see any susceptible monsters within range! (Use Z to cast anyway.)
You barely miss something. Something hits you but does no damage.
Something hits you.
* * * LOW HITPOINT WARNING * * *
You barely miss something. Something hits you.
You die...

#......+ #......#
.######......#
.............#
.............#
.............#
.............#
.......###+#.##########
#..>o..#....@.........#
#.s....#....#.........#
#..o...#....#.........#
#o.o...#....#.......<.#
#..o..[##+###.........#
#..oo.. ##+########


There were no monsters in sight!

Vanquished Creatures
  A hound (D:4)
  Natasha (D:3)
  6 adders
  2 dart slugs
  4 giant geckos
  6 orcs (D:3)
  2 giant cockroaches
  7 goblins
  11 hobgoblins
  3 jackals (D:2)
  2 ball pythons
  4 bats
  2 giant newts
  6 kobolds
  4 rats
61 creatures vanquished.

Notes
Turn   | Place    | Note
--------------------------------------------------------------
     0 | D:1      | Lennu the Merfolk Ice Elementalist began the quest for the Orb.
     0 | D:1      | Reached XP level 1. HP: 13/13 MP: 3/3
   453 | D:1      | Reached XP level 2. HP: 19/19 MP: 3/5
  1096 | D:2      | Reached XP level 3. HP: 24/24 MP: 0/6
  1292 | D:2      | Reached skill level 4 in Ice Magic
  1580 | D:2      | Reached XP level 4. HP: 17/30 MP: 2/7
  2353 | D:3      | Noticed Natasha
  2360 | D:3      | Killed Natasha
  2940 | D:3      | Reached XP level 5. HP: 35/35 MP: 7/9
  3266 | D:3      | Learned a level 3 spell: Ozocubu's Armour
  3559 | D:3      | Found a sparkling altar of Nemelex Xobeh.
  3589 | D:3      | Found a basalt altar of Yredelemnul.
  3590 | D:3      | Found an oddly glowing altar of Pakellas.
  3940 | D:4      | HP: 1/36 [something/puff of frost (11)]
  3942 | D:4      | Slain by an orc wizard

Skill      XL: |  1  2  3 |
---------------+----------+-----
Dodging        | 3 |  3.5
Ice Magic      | 4 |  4.7
Fighting       | |  0.7
Short Blades   | |  0.8
Polearms       | |  0.8
Armour         | |  0.9
Stealth        | |  2.8
Shields        | |  0.6
Spellcasting   | |  2.9
Conjurations   | |  0.7

Action                   |  1- 3 |  4- 6 || total
-------------------------+-------+-------++-------
Melee: Dagger            |    24 |    11 ||    35
       Trident           |       |    46 ||    46
 Cast: Freeze            |    35 |    38 ||    73
       Ozocubu's Armour  |       |     1 ||     1
 Stab: Sleeping          |     3 |     6 ||     9
       Distracted        |     1 |       ||     1
  Eat: Chunk             |     2 |     4 ||     6
       Bread ration      |       |     1 ||     1
Armor: Robe              |     1 |       ||     1
       Leather armour    |     8 |    15 ||    23
Dodge: Dodged            |    35 |    32 ||    67
